 Dungeon Crawl Stone Soup version 0.31-a0-202-g547052bce9 (webtiles) character file.

Game seed: 7443139549664173628

23 qw the Shooter (level 2, 0/16 HPs)
             Began as a Deep Elf Hunter on June 26, 2023.
             Slain by an adder (2 damage)
             ... on level 2 of the Dungeon.
             The game lasted 00:00:16 (956 turns).

qw the Shooter (Deep Elf Hunter)                     Turns: 956, Time: 00:00:17

Health: 0/16       AC:  6    Str:  8    XL:     2   Next: 75%
Magic:  4/4        EV:  8    Int: 13    God:
Gold:   35         SH:  0    Dex: 18    Spells: 1/1 levels left

rFire   . . .        Y - +0 shortbow
rCold   . . .        (shield currently unavailable)
rNeg    . . .        g - +0 scale mail
rPois   .            (no helmet)
rElec   .            (no cloak)
rCorr   .            (no gloves)
SInv    .            (no boots)
Will    .....        (no amulet)
Stlth   +            (no ring)
HPRegen 0.22/turn    (no ring)
MPRegen 0.09/turn

%: no passive effects
@: about to teleport
A: no striking features
a: no special abilities


You were on level 2 of the Dungeon.
You visited 1 branch of the dungeon, and saw 2 of its levels.

You collected 35 gold pieces.


   Skills:
 - Level 1.5 Fighting
 + Level 6.5 Ranged Weapons
 - Level 2.4 Dodging
 - Level 1.2 Stealth


You had one spell level left.
You didn't know any spells.
Your spell library was empty.

Inventory:

Hand Weapons
 Y - a +0 shortbow (weapon)
Armour
 c - a +0 ring mail
 g - a +0 scale mail (worn)
Scrolls
 a - a scroll of amnesia {unknown}
 f - a scroll of enchant armour {unknown}
Potions
 d - a potion of might {unknown}
 e - a potion of mutation {unknown}

Dungeon Overview and Level Annotations

Branches:
Dungeon (2/15)

Altars:


Message History

You kill the rat!
You see here a rat corpse.
c - a +0 ring mail
Found an escape hatch in the floor.
Found 3 stones.
f - a scroll labelled DIODGH SUERYOCU
Found a plate armour.
Found a stone staircase leading up.
There is a stone staircase leading up here.
You now have 35 gold pieces (gained 12).
An adder comes into view.
The adder hisses angrily.
Enter note:
Enter note:
Enter note: You shoot an arrow.
The arrow hits the adder.
The adder is lightly wounded.
The adder bites you but does no damage. The adder bites you.
You shoot an arrow. The arrow misses the adder.
The adder bites you. The adder bites you but does no damage.
You shoot an arrow. The arrow barely misses the adder.
The adder barely misses you.
You shoot an arrow. The arrow misses the adder.
The adder bites you but does no damage. The adder bites you.
You shoot an arrow. The arrow closely misses the adder.
The adder bites you. The adder bites you but does no damage.
You shoot an arrow. The arrow closely misses the adder.
The adder bites you but does no damage. x2
You shoot an arrow.
The arrow hits the adder but does no damage.
The adder is lightly wounded.
The adder bites you. x2
You shoot an arrow. The arrow closely misses the adder.
The adder bites you but does no damage. The adder bites you.
955 ||| READING scroll of teleportation.
As you read the scroll of teleportation, it crumbles to dust.
You feel strangely unstable. The adder bites you.
You shoot an arrow. The arrow closely misses the adder.
The adder bites you but does no damage. The adder bites you.
You die...

###.##.#.# #.#....# ###
.. #......# #.. .. #
###...## #.# .#.# #...#
#.# #.#.# #...#### #.#
....## #####...##.###.#
.....
..........#....##S.#.##.
.........###....@.......
..........#....##...#.#.
####....#..###.# ...#
#....#.## #.# .....
#....#.# #.# ##.#.#
#....#.# #.# .. ..
#....#.# #.. .. # #..
...


You could see an adder.

Vanquished Creatures
  A dart slug (D:1)
  A bat (D:1)
  3 giant cockroaches (D:1)
  A goblin (D:1)
  3 hobgoblins (D:1)
  A quokka (D:1)
  2 ball pythons (D:1)
  4 frilled lizards (D:1)
  3 kobolds (D:1)
  3 rats
22 creatures vanquished.

Notes
Turn   | Place    | Note
-------+----------+-------------------------------------------
     0 | D:1      | qw the Deep Elf Hunter began the quest for the Orb.
     0 | D:1      | Reached XP level 1. HP: 12/12 MP: 3/3
     0 | D:1      | 0 ||| qw: Version: 0.3-a-22-g0ed2b0b
     0 | D:1      | 0 ||| qw: Game counter: 5796
     0 | D:1      | 0 ||| qw: Melee chars always use a shield: true
     0 | D:1      | 0 ||| qw: God list: Okawaru
     0 | D:1      | 0 ||| qw: Allow faded altars: false
     0 | D:1      | 0 ||| qw: Do Orc after clearing Dungeon:15 true
     0 | D:1      | 0 ||| qw: Do second Lair branch before Depths: true
     0 | D:1      | 0 ||| qw: Lair rune preference: random
     0 | D:1      | 0 ||| qw: Goals: Normal
     0 | D:1      | 0 ||| PLANNING D:1-11
   245 | D:1      | Reached XP level 2. HP: 16/16 MP: 4/4
   254 | D:1      | Reached skill level 6 in Ranged Weapons
   779 | D:1      | 779 ||| UPGRADING to +0 scale mail.
   789 | D:1      | 789 ||| DROPPING +0 leather armour.
   790 | D:1      | 790 ||| DROPPING +6 ring of intelligence.
   791 | D:1      | 791 ||| READING scroll labelled HOWURAX VAIHA.
   795 | D:1      | 795 ||| DROPPING scroll of butterflies.
   954 | D:2      | HP: 3/16 [adder (2)]
   955 | D:2      | 955 ||| READING scroll of teleportation.
   955 | D:2      | HP: 1/16 [adder (2)]
   956 | D:2      | Slain by an adder

Levels and vault maps discovered:
D:1:      dpeg_arrival_another_circle, layout_basic
D:2:      layout_loops_cross, uniq_sigmund

Skill      XL: |  1  2 |
---------------+-------+-----
Ranged Weapons | 6 |  6.5
Fighting       | |  1.5
Dodging        | |  2.4
Stealth        | |  1.2

Action                     || total
---------------------------++-------
   Fire: Shortbow          ||    59
    Use: Scroll            ||     2
 Armour: Scale mail        ||     8
  Dodge: Dodged            ||     3

Table legend:
 A = Non-vault XP
 B = Vault XP
 C = Vault XP percentage of total XP
 D = Non-vault monster count
 E = Vault monster count
 F = Vault count percentage of total count
                 A         B        C        D         E       F
            +---------+---------+-------+---------+---------+-------
      Total |      34 |       0 |   0.0 |      22 |       0 |   0.0
            +---------+---------+-------+---------+---------+-------
        D:1 |      33 |       0 |   0.0 |      21 |       0 |   0.0
        D:2 |       1 |       0 |   0.0 |       1 |       0 |   0.0
            +---------+---------+-------+---------+---------+-------
